 Dungeon Crawl Stone Soup version 0.31-a0-1327-g8c40ea976f (webtiles) character file.

Game seed: 17682387658510933301

1101 GreatBamboolord the Sneak (level 8, 0/69 HPs)
             Began as a Naga Alchemist on Dec 21, 2023.
             Was an Initiate of Cheibriados.
             Slain by a wyvern (9 damage)
             ... on level 7 of the Dungeon.
             The game lasted 00:10:04 (6301 turns).

GreatBamboolord the Sneak (Naga Alchemist)          Turns: 6301, Time: 00:10:04

Health: 0/69       AC:  6    Str: 11    XL:     8   Next: 32%
Magic:  3/13       EV: 10    Int: 19    God:    Cheibriados [......]
Gold:   283        SH:  0    Dex: 13    Spells: 4/14 levels left

rFire   + . .        k - +2 dagger (heavy)
rCold   + . .        (no shield)
rNeg    . . .        b - +0 animal skin
rPois   +            e - +2 helmet
rElec   .            r - scarf {rC+ rF+}
rCorr   .            (no gloves)
SInv    +            (no barding)
Will    +....        (no amulet)
Stlth   +++          (no ring)
HPRegen 0.31/turn    (no ring)
MPRegen 0.13/turn

%: no passive effects
@: weakened, studying Fighting, very slow
A: AC +2, large, see invisible, deformed body, poison resistance, slowness 2,
spit poison 1, naga tail 1
a: Spit Poison, Renounce Religion


You were on level 7 of the Dungeon.
You worshipped Cheibriados.
Cheibriados was noncommittal.
You visited 1 branch of the dungeon, and saw 7 of its levels.

You collected 283 gold pieces.

Inventory:

Hand Weapons
 k - a +2 heavy dagger (weapon)
 p - the +1 sling "Dayrghu" {drain, rPois rCorr}
   (You found it on level 5 of the Dungeon)

   rPois:     It protects you from poison rCorr: It protects you from acid and
   corrosion.
Armour
 b - a +0 animal skin (worn)
 e - a +2 helmet (worn)
 r - a scarf of resistance (worn)
 t - a +0 cloak
Magical Staves
 d - a staff of air
Jewellery
 s - a +6 ring of strength
 v - a ring of ice
Wands
 a - a wand of digging (5)
 n - a wand of paralysis (4)
Scrolls
 c - 2 scrolls of amnesia
 g - 3 scrolls of immolation
 h - 3 scrolls of teleportation
 m - 2 scrolls of fog
 x - a scroll of revelation
Potions
 f - 4 potions of enlightenment
 i - a potion of curing
 j - 3 potions of brilliance {unknown}
 l - a potion of degeneration {unknown}
 o - a potion of lignification {unknown}
 q - 2 potions of mutation {unknown}
 u - 2 potions of heal wounds {unknown}


   Skills:
 + Level 3.0 Fighting
 * Level 3.4 Dodging
 * Level 6.6 Stealth
 * Level 3.9 Spellcasting
 * Level 3.8 Conjurations
 * Level 3.2 Air Magic
 * Level 5.6 Alchemy


You had 4 spell levels left.
You knew the following spells:

 Your Spells              Type           Power      Damage    Failure   Level
a - Sting                 Conj/Alch      84%        1d8       1%          1
b - Mercury Vapours       Alch/Air       40%        N/A       3%          2
c - Mephitic Cloud        Conj/Alch/Air  19%        N/A       8%          3
d - Olgreb's Toxic Radia  Alch           25%        N/A       14%         4

Your spell library contained the following spells:

 Spells                   Type           Power      Damage    Failure   Level
 Lesser Beckoning         Tloc           6%         N/A       22%         2
 Call Canine Familiar     Summ           3%         N/A       38%         3
 Gell's Gravitas          Tloc           3%         N/A       38%         3
 Sigil of Binding         Hex            3%         N/A       38%         3
 Teleport Other           Tloc           3%         N/A       38%         3
 Sticky Flame             Fire/Alch      14%        2d5       41%         4
 Dimensional Bullseye     Hex/Tloc       1%         N/A       80%         4


Dungeon Overview and Level Annotations

Branches:
Dungeon (7/15)             Temple (0/1) D:7

Altars:
Cheibriados
Gozag
Hepliaklqana
Uskayaw
Vehumet

Shops:
D:2 (

Portals:
Bailey: D:7


Innate Abilities, Weirdness & Mutations

Your serpentine skin is tough. (AC +2)
You have supernaturally acute eyesight. (SInv)
Armour fits poorly on your strangely shaped body.
Your system is resistant to poisons. (rPois)
You cover ground very slowly.
You can spit poison.
You have a snake-like lower body.


Message History

The wyvern bites you.
Aiming: Sting (safe; 1% risk of failure)
Press: ? - help, Q - select action, (/) - cycle Shift-Dir - straight line, f/p - wyvern
Aim: a wyvern (lightly wounded, very poisoned, weak, 76% to hit)
The sting hits the wyvern but does no damage.
The wyvern looks even sicker.
The wyvern is lightly wounded.
You hear the faint creaking of a portcullis very nearby.
The wyvern barely misses you. The wyvern misses you.
Aiming: Sting (safe; 1% risk of failure)
Press: ? - help, Q - select action, (/) - cycle Shift-Dir - straight line, f/p - wyvern
Aim: a wyvern (lightly wounded, very poisoned, weak, 76% to hit)
The sting hits the wyvern.
The wyvern looks as sick as possible!
The wyvern is moderately wounded.
You have got your breath back.
The wyvern barely misses you.
Casting: Sting (safe; 1% risk of failure)
Confirm with . or Enter, or press ? or * to list all spells.
Aiming: Mercury Vapours (safe; 3% risk of failure)
Press: ? - help, Dir - move target, f/p - wyvern
Aim: a wyvern (moderately wounded, extremely poisoned, weak, chance to weaken: 90%) Fumes of mercury billow around the wyvern!
The wyvern looks as sick as possible!
You feel as though you will be weak longer.
The wyvern bites you but does no damage. x2
Unknown command.
You barely miss the wyvern.
The wyvern is severely wounded.
The wyvern barely misses you. The wyvern closely misses you.
Unknown command.
You barely miss the wyvern.
The wyvern is severely wounded.
The wyvern is no longer weakened.
The wyvern bites you!
* * * LOW HITPOINT WARNING * * *
The wyvern bites you.
* * * LOW HITPOINT WARNING * * *
You completely miss the wyvern.
The wyvern is severely wounded.
The wyvern barely misses you. The wyvern bites you!
You die...

#.*#.#,* *,,,,,* #.*#.#,# *,,,,,*
#.*#.#.# *,,,,,* #.*#.#.# *,,,,,*
#.##.#.######*,,,,
#...........#*****
########*#..........#####*
*##......###.#.##..........,
*.:.......k@.#.##......#*,#*
******.≈≈~≈≈.(###.#.........##.##
,,,**,.≈.>.≈(.#*#.####.###.......
**,*,*.~.∩.~...*#.#**#.# #..####.
**,,**.≈...≈.#.*#..,,..# #.>####.
,,,**,.≈≈~≈≈.,.[..#*#### #.>.....
**,,*,.......,....# #.##.##.
**,*,,......#*.##.#* #†#...#.
,,,**,*****,**,,,,,**** #.......


You could see a wyvern (very poisoned).

Vanquished Creatures
  Eustachio (D:5)
  An orc warrior (D:4)
  2 bullfrogs (D:7)
  3 scorpions
  A howler monkey (D:4)
  3 hounds
  3 jellies
  An orc priest (D:4)
  2 iguanas
  An orc wizard (D:5)
  Robin (D:3)
  10 adders
  2 shadow imps
  2 white imps (D:5)
  2 ufetubi (D:6)
  2 worms
  2 dart slugs
  20 orcs
  7 endoplasms
  2 giant cockroaches
  20 goblins
  6 hobgoblins
  A jackal (D:4)
  6 kobolds
  A quokka (D:4)
  4 ball pythons
  2 bats
  3 frilled lizards
  A rat (D:1)
112 creatures vanquished.

Notes
Turn   | Place    | Note
-------+----------+-------------------------------------------
     0 | D:1      | GreatBamboolord the Naga Alchemist began the quest for the
                  | Orb.
     0 | D:1      | Reached XP level 1. HP: 15/15 MP: 3/3
   266 | D:1      | Reached XP level 2. HP: 22/22 MP: 1/5
   753 | D:1      | Learned a level 2 spell: Mercury Vapours
  1138 | D:2      | Reached XP level 3. HP: 28/30 MP: 2/6
  1142 | D:2      | Learned a level 3 spell: Mephitic Cloud
  1404 | D:2      | Reached skill level 1 in Air Magic
  1566 | D:2      | Found Wehaan Orata's Weapon Shop.
  1835 | D:2      | Reached XP level 4. HP: 25/37 MP: 2/7
  1836 | D:2      | Reached skill level 1 in Fighting
  1952 | D:3      | Found an opulent altar of Gozag.
  2226 | D:3      | Noticed Robin
  2263 | D:3      | Killed Robin
  2775 | D:4      | Reached skill level 4 in Stealth
  2799 | D:4      | Reached XP level 5. HP: 40/44 MP: 0/8
  2908 | D:4      | Noticed an orc warrior
  2926 | D:4      | Killed an orc warrior
  2927 | D:4      | Reached XP level 6. HP: 29/51 MP: 2/10
  3132 | D:4      | Learned a level 4 spell: Olgreb's Toxic Radiance
  3365 | D:4      | Found a hazy altar of Hepliaklqana.
  3861 | D:5      | Entered Level 5 of the Dungeon
  3905 | D:4      | Reached skill level 5 in Stealth
  4100 | D:5      | Identified the +1 sling "Dayrghu" {drain, rPois rCorr}
  4514 | D:5      | Reached XP level 7. HP: 58/58 MP: 11/11
  5123 | D:5      | Found a radiant altar of Vehumet.
  5126 | D:5      | Found a hide-covered altar of Uskayaw.
  5224 | D:6      | Noticed Eustachio
  5245 | D:5      | Killed Eustachio
  5246 | D:5      | Reached skill level 5 in Alchemy
  5548 | D:6      | Found a snail-covered altar of Cheibriados.
  5619 | D:6      | Became a worshipper of Cheibriados the Contemplative
  5711 | D:6      | Reached skill level 6 in Stealth
  5723 | D:6      | Reached XP level 8. HP: 18/68 MP: 1/13
  6281 | D:7      | Found a flagged portal.
  6286 | D:7      | Noticed a wyvern
  6301 | D:7      | Slain by a wyvern

Illustrated notes

Levels and vault maps discovered:
D:1:      spicycebolla_arrival_transporter_tutorial, layout_loops_corners
D:2:      layout_rooms, serial_shops, shop
D:3:      layout_rooms, lemuel_crystal_altar, nicolae_hexahallways, uniq_robin
D:4:      layout_loops_ring, mainiacjoe_overflow_small_starburst,
          skrybe_limestone_x, minmay_manual_monstrance
D:5:      layout_loops_ring, minitemple, st_stairs_8, minmay_statues_item
D:6:      layout_cave_pools, mainiacjoe_overflow_concentric_impassable,
          nicolae_houndstooth_variations, uniq_eustachio
D:7:      layout_loops_cross, nicolae_qazlal_beasts_of_the_sky,
          minmay_temple_entry_glass, enter_bailey_5, uniq_joseph

Skill      XL: |  1  2  3  4  5  6  7  8 |
---------------+-------------------------+-----
Air Magic      | 1 2 3 |  3.2
Alchemy        | 4 5 |  5.6
Fighting       | 1 2 3 |  3.0
Dodging        | 2 3 |  3.4
Conjurations   | 2 3 |  3.8
Stealth        | 4 5 6 |  6.6
Spellcasting   | 3 |  3.9

Action                     |  1- 3 |  4- 6 |  7- 9 || total
---------------------------+-------+-------+-------++-------
  Melee: Unarmed           |     2 |       |       ||     2
         Dagger            |    16 |    43 |    63 ||   122
         Punch             |       |       |     1 ||     1
   Cast: Sting             |    56 |   111 |    73 ||   240
         Mercury Vapours   |       |     3 |     9 ||    12
         Mephitic Cloud    |       |       |     1 ||     1
Ability: Spit Poison       |       |       |     3 ||     3
    Use: Scroll            |       |     5 |     4 ||     9
         Potion            |       |     3 |       ||     3
   Stab: Sleeping          |     1 |       |       ||     1
 Armour: Robe              |    27 |    26 |       ||    53
         Animal skin       |       |    48 |   168 ||   216
  Dodge: Dodged            |    33 |    59 |   129 ||   221

Table legend: (Time is in decaauts)
 A = Elapsed time spent in this place.
 B = Non-inter-level travel time spent in this place.
 C = Inter-level travel time spent in this place.
 D = Time resting spent in this place.
 E = Time spent auto-exploring this place.
 F = Levels seen in this place.
 G = Mean time per level.
                   A        B        C        D        E       F      G
               +--------+--------+--------+--------+--------+-----+--------+
         Total |   7880 |   7477 |    403 |    979 |   5332 |   7 | 1125.7 |
       Dungeon |   7880 |   7477 |    403 |    979 |   5332 |   7 | 1125.7 |
               +--------+--------+--------+--------+--------+-----+--------+

Top non-repeatable levels by time:
     D:4: 1543 daAuts
     D:5: 1534 daAuts
     D:1: 1322 daAuts
     D:3: 1277 daAuts
     D:6: 1198 daAuts
     D:2: 847 daAuts
     D:7: 156 daAuts
